AoeStats
← DrStylus27

Arena

506014071Analyzed
1v1 RM · 21d ago on Sep 12, 2026· 57m 19s· 2 players
Game mode
Random Map
Map size
Tiny (2 player)
Population
200
Speed
Normal
Resources
Standard
Victory
Conquest
Starting age
Dark Age
Ending age
Imperial Age
RankedLock teamsTeams togetherTeam positionsShared explorationLock speedFull tech treeHidden civsTurbo modeCheats
Victory
Defeat
🇨🇱 Bohemians · Chile
823
+17
🇬🇧 Khmer · United Kingdom
838
-17
the_bgrad
11:11 Feudal Age
12:52 Wheelbarrow
18:48 Castle Age
17:11 Double-Bit Axe
17:09 Horse Collar
23:27 Bow Saw
26:50 Town Watch
27:48 Pikeman
31:55 Imperial Age
34:03 Halberdier
35:12 Scale Mail Armor
39:21 Elite Hussite Wagon
40:22 Chain Mail Armor
40:18 Forging
42:14 Chemistry
43:45 Wagenburg Tactics
49:08 Ballistics
50:20 Hand Cart
DrStylus27
11:43 Feudal Age
14:52 Castle Age
16:18 Light Cavalry
20:29 Double-Bit Axe
21:52 Horse Collar
24:03 Forging
23:59 Scale Barding Armor
28:17 Bloodlines
28:08 Husbandry
35:29 Gold Mining
42:18 Imperial Age
41:02 Chain Barding Armor
41:17 Iron Casting
46:09 Hussar
49:38 Plate Barding Armor
50:03 Blast Furnace
50:04 Bow Saw
50:28 Conscription
51:43 Elite Ballista Elephant
52:25 Tusk Swords
Connection lost

Rejoining the realm…

Still unreachable

The connection could not be restored.

Session expired

The server has moved on; the page needs a fresh start.